 Dungeon Crawl Stone Soup version 0.26-a0-540-g8a0c9464d7 (webtiles) character file.

Game seed: 10988524030137707726

739 Lanoc the Frost Mage (level 7, -2/36 HPs)
             Began as a Deep Elf Ice Elementalist on Aug 15, 2020.
             Was an Initiate of Sif Muna.
             Slain by an orc warrior
             ... wielding a +0 long sword
              (18 damage)
             ... on level 5 of the Dungeon.
             The game lasted 00:06:43 (5289 turns).

Lanoc the Frost Mage (Deep Elf Ice Elementalist)    Turns: 5289, Time: 00:06:43

Health: -2/36      AC:  3    Str:  5    XL:     7   Next: 46%
Magic:  11/13      EV: 17    Int: 22    God:    Sif Muna [......]
Gold:   202        SH:  0    Dex: 21    Spells: 5/12 levels left

rFire    . . .     SeeInvis .   x - +1 short sword (vamp)
rCold    . . .     Faith    .   (no shield)
rNeg     + . .     Spirit   .   a - +0 robe
rPois    .         Reflect  .   p - +1 hat
rElec    .         Harm     .   A - scarf {repulsion}
rCorr    .                      (no gloves)
MR       .....                  (no boots)
Stlth    ++........             (no amulet)
HPRegen  0.12/turn              d - +6 ring of dexterity
MPRegen  0.13/turn              q - ring of positive energy

@: frozen ramparts, repel missiles
A: no striking features
a: Renounce Religion


You were on level 5 of the Dungeon.
You worshipped Sif Muna.
Sif Muna was noncommittal.
You visited 2 branches of the dungeon, and saw 6 of its levels.

You collected 202 gold pieces.

Inventory:

Hand Weapons
 x - a +1 vampiric short sword (weapon)
Missiles
 v - 3 atropa-tipped darts (quivered)
 y - 7 curare-tipped darts
Armour
 a - a +0 robe (worn)
 p - a +1 hat (worn)
 A - a scarf of repulsion (worn)
Jewellery
 d - a +6 ring of dexterity (left hand)
 q - a ring of positive energy (right hand)
Scrolls
 b - 4 scrolls of remove curse {unknown}
 c - 3 scrolls of teleportation {unknown}
 e - 9 scrolls of identify {unknown}
 f - 2 scrolls of magic mapping {unknown}
 g - a scroll of noise {unknown}
 i - a scroll of enchant weapon {unknown}
 k - 2 scrolls of fear {unknown}
 s - 2 scrolls of enchant armour {unknown}
 u - a scroll of immolation {unknown}
Potions
 h - 2 potions of heal wounds {unknown}
 j - a potion of lignification {unknown}
 l - a potion of mutation {unknown}
 m - 2 potions of magic {unknown}
 n - 6 potions of curing {unknown}
 o - a potion of degeneration {unknown}
 r - a potion of flight {unknown}
 t - a potion of cancellation {unknown}
 w - 2 potions of might {unknown}
 z - a potion of brilliance {unknown}
 B - a potion of haste {unknown}
 C - a potion of ambrosia {unknown}


   Skills:
 + Level 6.1 Dodging
 - Level 2.4 Stealth
 - Level 3.0 Spellcasting
 * Level 8.7 Ice Magic


You had 5 spell levels left.
You knew the following spells:

 Your Spells              Type           Power        Failure   Level
a - Freeze                Ice            ####         1%          1
b - Frozen Ramparts       Ice            #####.       1%          3
c - Ozocubu's Armour      Ice            #####...     1%          3

Your spell library contained the following spells:

 Spells                   Type           Power        Failure   Level
 Hailstorm                Conj/Ice       ###.....     21%         4
 Summon Ice Beast         Ice/Summ       ###.....     21%         4


Dungeon Overview and Level Annotations

Branches:
Dungeon (5/15)             Temple (1/1) D:4

Altars:
Ashenzari
Cheibriados
Fedhas
Gozag
Hepliaklqana
Kikubaaqudgha
Nemelex Xobeh
Okawaru
Qazlal
Sif Muna
Uskayaw
Yredelemnul
Zin


Message History

The orc warrior hits you with a +0 long sword!
The wall freezes the orc wizard!
The orc wizard gestures wildly while chanting.
The orc wizard seems to speed up.
You hit the orc warrior but do no damage.
The orc warrior is moderately wounded.
The wall freezes the orc warrior.
The orc warrior hits you with a +0 long sword!
The wall freezes the orc wizard.
You kill the orc wizard!
Sif Muna accepts your kill.
The wall freezes the orc warrior.
The wall freezes the orc!
You kill the orc!
Sif Muna accepts your kill.
The wall freezes the orc warrior.
The wall freezes the orc warrior.
The wall freezes the orc warrior. x2
The orc warrior hits you with a +0 long sword!!
Ouch! That really hurt!
You die...

#.#<####.+
##........#
#....######
#.#########.#####
#......##(....[#
#.#####....#....#
####..>...#
#######.#.#.#
#>)....o@###..
#.#####.#.# ###
#.##.# #.# .# #.#
# #.# #?# #.#


You could see an orc warrior.

Vanquished Creatures
  A hippogriff (D:4)
  A scorpion (D:4)
  A centaur skeleton (D:4)
  A gnoll shaman (D:4)
  An orc priest (D:3)
  An orc wizard (D:5)
  Terence (D:2)
  Natasha (thrice) (D:2)
  A worker ant (D:4)
  6 adders
  11 gnolls
  4 oozes
  2 worms
  3 dart slugs
  2 leopard geckos
  8 orcs
  5 giant cockroaches
  6 hobgoblins
  3 jackals (D:3)
  3 quokkas
  3 ball pythons
  9 bats
  6 frilled lizards
  4 goblins
  9 kobolds
  A leopard gecko skeleton (D:4)
  7 rats
103 creatures vanquished.

Notes
Turn   | Place    | Note
-------+----------+-------------------------------------------
     0 | D:1      | Lanoc the Deep Elf Ice Elementalist began the quest for the
                  | Orb.
     0 | D:1      | Reached XP level 1. HP: 10/10 MP: 6/6
   451 | D:1      | Reached XP level 2. HP: 15/15 MP: 4/8
   665 | D:1      | Reached skill level 5 in Ice Magic
  1013 | D:1      | Reached XP level 3. HP: 18/19 MP: 5/9
  1020 | D:1      | Learned a level 3 spell: Frozen Ramparts
  1061 | D:1      | Learned a level 3 spell: Ozocubu's Armour
  1575 | D:2      | Noticed Natasha
  1581 | D:2      | Killed Natasha
  1581 | D:2      | Reached XP level 4. HP: 8/24 MP: 5/10
  2152 | D:2      | Noticed Natasha
  2158 | D:2      | Killed Natasha
  2158 | D:2      | Reached skill level 6 in Ice Magic
  2293 | D:2      | Reached XP level 5. HP: 26/28 MP: 6/11
  2427 | D:2      | Noticed Terence
  2475 | D:2      | Killed Terence
  2535 | D:2      | Noticed Natasha
  2542 | D:2      | Killed Natasha
  3221 | D:3      | Reached skill level 7 in Ice Magic
  3221 | D:3      | Reached XP level 6. HP: 32/32 MP: 7/12
  3769 | D:4      | Noticed a hippogriff
  3777 | D:4      | Killed a hippogriff
  3777 | D:4      | Reached skill level 5 in Dodging
  4015 | D:4      | Reached skill level 8 in Ice Magic
  4051 | D:4      | Reached XP level 7. HP: 36/36 MP: 9/13
  4135 | D:4      | Found a staircase to the Ecumenical Temple.
  4273 | Temple   | Entered the Ecumenical Temple
  4372 | Temple   | Became a worshipper of Sif Muna the Loreminder
  5127 | D:4      | Found a hide-covered altar of Uskayaw.
  5264 | D:5      | Entered Level 5 of the Dungeon
  5289 | D:5      | Slain by an orc warrior

Illustrated notes

Levels and vault maps discovered:
D:1:      dpeg_arrival_pond, layout_basic
D:2:      layout_rooms, uniq_terence, uniq_natasha
D:3:      minmay_recursive_quarters, layout_rooms
D:4:      layout_loops_cross, lemuel_crystal_altar, temple_fountains,
          hangedman_abyss_or_decor_stagger
D:5:      layout_loops_ring, doesnt_xom_only_xom, ebering_ghost_rock_garden
Temple:   nicolae_temple_hex_pool

Skill      XL: |  1  2  3  4  5  6  7 |
---------------+----------------------+-----
Dodging        | 3 4 5 6 |  6.1
Ice Magic      | 5 6 7 8 |  8.7
Stealth        | |  2.4
Spellcasting   | |  3.0

Action                   |  1- 3 |  4- 6 |  7- 9 || total
-------------------------+-------+-------+-------++-------
Melee: Unarmed           |    15 |    17 |       ||    32
       Short sword       |       |    19 |    40 ||    59
 Cast: Freeze            |    49 |     4 |       ||    53
       Frozen Ramparts   |     2 |    31 |    14 ||    47
 Stab: Sleeping          |       |       |     1 ||     1
Armor: Robe              |     8 |    10 |     3 ||    21
Dodge: Dodged            |    38 |    48 |    24 ||   110

Table legend: (Time is in decaauts)
 A = Elapsed time spent in this place.
 B = Non-inter-level travel time spent in this place.
 C = Inter-level travel time spent in this place.
 D = Time resting spent in this place.
 E = Time spent auto-exploring this place.
 F = Levels seen in this place.
 G = Mean time per level.
                   A        B        C        D        E       F      G
               +--------+--------+--------+--------+--------+-----+--------+
         Total |   5290 |   5193 |     97 |      0 |   4431 |   6 |  881.7 |
       Dungeon |   5177 |   5095 |     82 |      0 |   4346 |   5 | 1035.4 |
        Temple |    112 |     97 |     15 |      0 |     85 |   1 |  112.0 |
               +--------+--------+--------+--------+--------+-----+--------+

Top non-repeatable levels by time:
     D:1: 1444 daAuts
     D:4: 1402 daAuts
     D:2: 1324 daAuts
     D:3: 981 daAuts
  Temple: 112 daAuts
     D:5: 25 daAuts
